 Dungeon Sprint DCSS version 0.22-a0-42-g002c468 (webtiles) character file.

483487 theanonym the Conqueror (level 19, 210/210 HPs)
             Began as a Deep Dwarf Fighter on Jan 5, 2018.
             Was the Champion of Makhleb.
             Escaped with the Orb!
             The game lasted 00:23:27 (1452 turns).

theanonym the Conqueror (Deep Dwarf Fighter)        Turns: 1452, Time: 00:23:29

Health: 210/210    AC: 51    Str: 25    XL:     19   Next: 10%
Magic:  47/47      EV: 12    Int: 15    God:    Makhleb [******]
Gold:   0          SH: 32    Dex: 12    Spells: 48/66 levels left

rFire    + + .     SeeInvis +   G - +14 obsidian axe {chop, +Fly SInv *Curse}
rCold    + + .     Gourm    .   H - +18 shield of the Gong {rElec rN+ MR+ EV-5}
rNeg     + + .     Faith    .   t - +12 gold dragon scales {23 rF+ rC+ rPois}
rPois    +         Spirit   .   X - +2 helmet {Int+3}
rElec    +         Reflect  .   M - scarf {cloud immunity}
rCorr    .         Harm     .   O - +3 pair of gauntlets of War {Slay+5}
MR       +++++     NoTele   +   l - +1 pair of boots {run}
Stlth    ..........             S - amulet of Moodiness {+Inv Regen+ Int+2 Slay+3}
HPRegen  0.00/turn              Q - ring of Feoshrejo {rC+ MR+}
MPRegen  0.30/turn              j - ring "Wuigay" {rF+ MR++ MP+9 Int-2 Slay+5}

@: non-regenerating, quick
A: damage resistance, heal wounds, low mp 1, negative energy resistance 1, sense
surroundings 3, screaming 1, no regeneration
0: Orb of Zot
a: Heal Wounds, Minor Destruction, Lesser Servant of Makhleb, Major Destruction,
Greater Servant of Makhleb, Renounce Religion, Evoke Invisibility, Evoke Flight


Innate Abilities, Weirdness & Mutations

You are resistant to damage.
You can heal yourself by infusing magical energy.
You resist negative energy. (rN+)
You passively map a large area around you.
You do not regenerate.
Your magical capacity is low. (-10% MP)
You occasionally shout uncontrollably at your foes.


   Skills:
 O Level 27 Fighting
 - Level 18.0 Axes
 - Level 26.4 Armour
 - Level 23.6 Dodging
 - Level 15.0 Shields
 + Level 24.3 Spellcasting
 O Level 27 Necromancy
 * Level 16.5 Transmutations


You had 48 spell levels left.
You knew the following spells:

 Your Spells              Type           Power        Failure   Level  Hunger
a - Borgnjor's Revivific  Necr           #######...   4%          8    #######
b - Necromutation         Tmut/Necr      ######....   21%         8    #######
g - Blink                 Tloc           N/A          26%         2    None

Skill      XL: |  1  2  3  4  5  6  7  8  9 10 11 12 13 14 15 16 17 18 19 |
---------------+----------------------------------------------------------+-----
Axes           | 8 10 11 12 14 15 17 18 | 18.0
Fighting       | 5 6 8 9 10 12 13 16 18 21 25 27 | 27.0
Armour         | 5 6 7 8 9 10 11 13 15 18 20 23 26 | 26.4
Shields        | 5 6 7 8 9 10 11 13 15 | 15.0
Dodging        | 7 13 15 20 23 | 23.6
Spellcasting   | 5 16 24 | 24.3
Necromancy     | 21 27 | 27.0
Transmutations | 14 16 | 16.5

Action                   |  1- 3 |  4- 6 |  7- 9 | 10-12 | 13-15 | 16-18 | 19-21 || total
-------------------------+-------+-------+-------+-------+-------+-------+-------++-------
Melee: Broad axe         |     3 |     6 |    25 |    91 |   207 |   238 |    24 ||   594
 Cast: Borgnjor's Revivi |       |       |       |       |       |     1 |       ||     1
 Abil: Heal Wounds       |       |     2 |     2 |       |     6 |     3 |       ||    13
  Use: Potion            |     1 |       |     1 |     5 |     3 |    14 |       ||    24
       Scroll            |       |       |       |     1 |       |    15 |       ||    16
 Stab: Distracted        |       |       |     1 |     1 |     5 |     6 |       ||    13
       Invisible         |       |       |       |     3 |     1 |       |       ||     4
  Eat: Ration            |       |       |       |       |       |     2 |       ||     2
Armor: Gold dragon scale |       |     3 |     9 |    52 |   141 |   220 |     7 ||   432
Dodge: Dodged            |       |       |     1 |     6 |    72 |   100 |    17 ||   196
Block: Shield            |     4 |    11 |    31 |   150 |   342 |   481 |    68 ||  1087
       Reflection        |       |       |       |     1 |       |       |       ||     1

Inventory:

Hand Weapons
 a - a +0 war axe
 G - the +14 obsidian axe (weapon) {chop, +Fly SInv *Curse}
   (You found it in the Dungeon)

   It inflicts extra damage upon your enemies.
   It lets you see invisible.
   It lets you fly.
   It curses itself when equipped.
Armour
 c - a +0 shield
 k - a +0 scale mail {10}
 l - a +1 pair of boots of running (worn)
   (You found it in the Dungeon)
 t - +12 gold dragon scales (worn) {23 rF+ rC+ rPois}
   (You found it in the Dungeon)
 H - the +18 shield of the Gong (worn) {rElec rN+ MR+ EV-5}
   (You found it in the Dungeon)

   It affects your evasion (-5).
   It insulates you from electricity.
   It protects you from negative energy.
   It affects your resistance to hostile enchantments.
 I - the +10 large shield of Ignorance {rN+ Int-4}
   (You found it in the Dungeon)

   It affects your intelligence (-4).
   It protects you from negative energy.
 L - a +1 pair of gloves of dexterity
   (You found it in the Dungeon)
 M - a scarf of cloud immunity (worn)
   (You found it in the Dungeon)
 O - the +3 pair of gauntlets of War (worn) {Slay+5}
   (You found it in the Dungeon)

   It affects your accuracy and damage with ranged weapons and melee attacks
   (+5).
 P - a +0 cloak of poison resistance {rPois}
   (You found it in the Dungeon)
 T - the +2 cloak of the Original Sin {rC+}
   (You found it in the Dungeon)

   It protects you from cold.
 X - a +2 helmet of intelligence (worn)
   (You found it in the Dungeon)
Jewellery
 j - the ring "Wuigay" (right hand) {rF+ MR++ MP+9 Int-2 Slay+5}
   (You found it in the Dungeon)

   [ring of protection from fire]

   It affects your intelligence (-2).
   It affects your accuracy and damage with ranged weapons and melee attacks
   (+5).
   It protects you from fire.
   It affects your resistance to hostile enchantments.
   It affects your magic capacity (+9).
 n - an uncursed ring of protection from fire {rF+}
   (You found it in the Dungeon)
 A - a +6 ring of dexterity
   (You found it in the Dungeon)
 B - a +6 ring of dexterity
   (You found it in the Dungeon)
 C - a +6 ring of intelligence
   (You found it in the Dungeon)
 D - a +6 ring of intelligence
   (You found it in the Dungeon)
 E - a +6 ring of strength
   (You found it in the Dungeon)
 F - a +6 ring of strength
   (You found it in the Dungeon)
 J - an uncursed ring of protection from cold {rC+}
   (You found it in the Dungeon)
 K - the ring "Kiwaug" {Wiz *Contam rN+ Dex+3}
   (You found it in the Dungeon)

   [ring of wizardry]

   It improves your spell success rate.
   It affects your dexterity (+3).
   It protects you from negative energy.
   It causes magical contamination when unequipped.
 N - a +3 amulet of reflection
   (You found it in the Dungeon)
 Q - the ring of Feoshrejo (left hand) {rC+ MR+}
   (You found it in the Dungeon)

   [ring of protection from magic]

   It protects you from cold.
   It affects your resistance to hostile enchantments.
 S - the amulet of Moodiness (around neck) {+Inv Regen+ Int+2 Slay+3}
   (You found it in the Dungeon)

   [amulet of regeneration]

   It affects your intelligence (+2).
   It affects your accuracy and damage with ranged weapons and melee attacks
   (+3).
   It lets you turn invisible.
   It increases your rate of regeneration.
 U - the ring of the Mage {Wiz MR++ Int+3}
   (You found it in the Dungeon)

   [ring of wizardry]

   It improves your spell success rate.
   It affects your intelligence (+3).
   It affects your resistance to hostile enchantments.
 Y - the amulet "Yrua" {RegenMP rC- rN+ Str+2 Slay+5}
   (You found it in the Dungeon)

   [amulet of magic regeneration]

   It increases your magic regeneration.
   It affects your strength (+2).
   It affects your accuracy and damage with ranged weapons and melee attacks
   (+5).
   It makes you vulnerable to cold.
   It protects you from negative energy.
Wands
 v - a wand of acid (7)
   (You found it in the Dungeon)
 x - a wand of disintegration (7)
   (You found it in the Dungeon)
 y - a wand of iceblast (7)
   (You found it in the Dungeon)
Scrolls
 f - 4 scrolls of fog
 p - 4 scrolls of amnesia
 r - 5 scrolls of identify
 s - a scroll of holy word
 u - 4 scrolls of remove curse
 z - 2 scrolls of fear
 Z - a scroll of brand weapon
Potions
 d - 4 potions of might
 g - 2 potions of brilliance
 h - 8 potions of haste
 i - 7 potions of magic
 m - 3 potions of resistance {rF+ rC+}
 o - 3 potions of agility
 q - 13 potions of heal wounds
 w - 8 potions of curing
Books
 b - Roxanne's Grimoire of the Rocks
   (You took it off Roxanne in the Dungeon)

   Spells                             Type                      Level
   a - Leda's Liquefaction            Hexes/Earth                  4
   b - Petrify                        Transmutation/Earth          4
   c - Borgnjor's Vile Clutch         Necromancy/Earth             5
   d - Statue Form                    Transmutation/Earth          6
 V - a Necronomicon
   (You found it in the Dungeon)
Miscellaneous
 R - 6 phantom mirrors
 W - a lamp of fire
   (You found it in the Dungeon)
Comestibles
 e - 6 rations You escaped. You worshipped Makhleb. Makhleb was exalted by your worship. You were not hungry. You visited 1 branch

Dungeon Overview and Level Annotations

Branches:
Dungeon (1/1)

Altars:
Ashenzari
Cheibriados
Dithmenos
Elyvilon
Fedhas
Gozag
Hepliaklqana
Kikubaaqudgha
Makhleb
Nemelex Xobeh
Okawaru
Qazlal
Ru
Sif Muna
Trog
Uskayaw
Vehumet
Wu Jian
Xom
Yredelemnul
Zin
The Shining One
Beogh
Jiyva
Lugonu

............▓.....†.......▓...8©8
.)..........▓..▓.......▓..▓..}.=.
............▓.............▓...}|.
............▓.............▓......
............▓......©......▓......
............▓▓▓▓▓▓▓▓▓▓▓▓▓▓▓..))..
▓.......▓...▓8888888888888▓...)))
▓▓.....▓▓▓..▓8.§§35......8▓..▓).)
▓.......▓...▓8..@353..©..8▓.▓....
............▓8...55......8▓....©.
....©.......▓8888888888888▓▓▓▓▓▓▓
▓▓▓▓▓▓▓▓▓▓▓▓▓▓▓▓▓▓▓▓▓▓▓▓▓▓▓▓▓▓▓▓▓
.....8©8........▓........8©8.....
)):.:=|[["})[::.▓.[))"}.:|[)[))))
".)=))..}:[:|)[.▓.).}.})|).:|)||:
==}:)[}:)}:.:.[.▓.."[.[:[}::|.::)
................▓.......}[..}....


You could see a friendly sixfirhy, 2 friendly ynoxinuls and 4 friendly ufetubi.

Notes
Turn   | Place    | Note
-------+----------+-------------------------------------------
     0 | D        | Found the +6 Majin-Bo {vamp, Archmagi MP+6 Int+6}
     0 | D        | Found the +7 great mace "Firestarter" {inner flame, rF++}
     0 | D        | theanonym the Deep Dwarf Fighter began the quest for the Orb.
     0 | D        | Reached XP level 1. HP: 20/20 MP: 1/1
     3 | D        | Found a blossoming altar of Fedhas.
     5 | D        | Found a deep blue altar of Sif Muna.
     5 | D        | Found a sacrificial altar of Ru.
     5 | D        | Found a bloodstained altar of Trog.
     5 | D        | Found a stormy altar of Qazlal.
     5 | D        | Found an iron altar of Okawaru.
     5 | D        | Found a sparkling altar of Nemelex Xobeh.
     7 | D        | Found a transporter.
     7 | D        | Found an ancient bone altar of Kikubaaqudgha.
     7 | D        | Found a viscous altar of Jiyva.
     7 | D        | Found a corrupted altar of Lugonu.
     7 | D        | Found a hazy altar of Hepliaklqana.
     7 | D        | Found a burning altar of Makhleb.
     7 | D        | Found an opulent altar of Gozag.
    22 | D        | Found the +9 heavy crossbow "Sniper" {velocity, Acc+∞ SInv}
    22 | D        | Found the +10 dark maul {crush}
    22 | D        | Found the +15 Maxwell's patent armour {-Cast -Tele rElec MR+ rCorr}
    22 | D        | Found the +18 shield of the Gong {rElec rN+ MR+ EV-5}
    22 | D        | Found the cursed +14 obsidian axe {chop, +Fly SInv *Curse}
    24 | D        | Found the +6 shillelagh "Devastator" {shatter}
    24 | D        | Found the +11 plutonium sword {*Contam Stlth-}
    24 | D        | Found the +8 lance "Wyrmbane" {slay drac, rPois rF+ rC+ AC+3}
    24 | D        | Found the +9 sword of Zonguldrok {reap}
    24 | D        | Found the cursed +13 scythe of Curses {drain, *Curse}
    24 | D        | Found the +0 sword of Power
    24 | D        | Found the +15 mace of Variability {chaos}
    24 | D        | Found the +7 Singing Sword
    24 | D        | Found the +7 longbow "Piercer" {penet, EV-2}
    49 | D        | Became a worshipper of Makhleb the Destroyer
    56 | D        | Reached skill level 8 in Axes
    56 | D        | Reached XP level 2. HP: 27/27 MP: 2/2
    57 | D        | Entered arena 2.
    57 | D        | Noticed a merfolk
    57 | D        | Noticed a merfolk
    57 | D        | Found a transporter.
    61 | D        | Killed a merfolk
    61 | D        | Reached skill level 5 in Fighting
    61 | D        | Reached skill level 10 in Axes
    61 | D        | Reached skill level 5 in Armour
    61 | D        | Reached skill level 5 in Shields
    61 | D        | Reached XP level 3. HP: 25/40 MP: 3/3
    61 | D        | Reached XP level 4. HP: 30/48 MP: 4/4
    61 | D        | Reached XP level 5. HP: 34/55 MP: 5/5
    63 | D        | HP: 21/55 [merfolk/trident (13)]
    65 | D        | Killed a merfolk
    65 | D        | Reached skill level 6 in Fighting
    65 | D        | Reached skill level 11 in Axes
    65 | D        | Reached skill level 6 in Armour
    65 | D        | Reached skill level 6 in Shields
    65 | D        | Reached XP level 6. HP: 24/63 MP: 6/6
    74 | D        | Entered arena 3.
    74 | D        | Noticed an insubstantial wisp
    74 | D        | Noticed an air elemental
    74 | D        | Noticed an air elemental
    74 | D        | Found a transporter.
    76 | D        | Killed an insubstantial wisp
    77 | D        | Killed an air elemental
    77 | D        | Reached * piety under Makhleb
    77 | D        | Reached skill level 7 in Fighting
    78 | D        | Killed an air elemental
    78 | D        | Reached skill level 8 in Fighting
    78 | D        | Reached skill level 12 in Axes
    78 | D        | Reached skill level 7 in Armour
    78 | D        | Reached skill level 7 in Shields
    78 | D        | Reached XP level 7. HP: 51/74 MP: 5/5
    83 | D        | Entered arena 4.
    83 | D        | Noticed a merfolk
    83 | D        | Noticed a merfolk
    83 | D        | Noticed a merfolk
    83 | D        | Noticed a merfolk
    83 | D        | Found a transporter.
    86 | D        | Killed a merfolk
    88 | D        | Killed a merfolk
    88 | D        | Reached ** piety under Makhleb
    88 | D        | Reached skill level 9 in Fighting
    90 | D        | Killed a merfolk
    90 | D        | Reached skill level 8 in Armour
    90 | D        | Reached skill level 8 in Shields
    90 | D        | Reached XP level 8. HP: 72/85 MP: 6/6
    91 | D        | Killed a merfolk
    91 | D        | Reached skill level 13 in Axes
    97 | D        | Entered arena 5.
    97 | D        | Noticed a jumping spider
    97 | D        | Found a transporter.
   101 | D        | Killed a jumping spider
   101 | D        | Reached skill level 10 in Fighting
   101 | D        | Reached *** piety under Makhleb
   108 | D        | Entered arena 6.
   108 | D        | Noticed a slime creature
   108 | D        | Found a transporter.
   110 | D        | Paralysed by a floating eye for 2 turns
   114 | D        | Killed a slime creature
   114 | D        | Reached **** piety under Makhleb
   114 | D        | Reached skill level 9 in Armour
   114 | D        | Reached skill level 9 in Shields
   115 | D        | Reached skill level 14 in Axes
   118 | D        | Gained mutation: You passively map the area around you. [Deep Dwarf growth]
   118 | D        | Reached XP level 9. HP: 94/94 MP: 0/7
   123 | D        | Entered arena 7.
   123 | D        | Noticed a death drake
   124 | D        | Found a transporter.
   126 | D        | Reached ***** piety under Makhleb
   128 | D        | Killed a death drake
   128 | D        | Reached skill level 11 in Fighting
   136 | D        | Entered arena 8.
   137 | D        | Found the +10 large shield of Ignorance {rN+ Int-4}
   137 | D        | Found a transporter.
   144 | D        | Reached ****** piety under Makhleb
   145 | D        | Reached skill level 15 in Axes
   145 | D        | Reached skill level 10 in Armour
   145 | D        | Reached skill level 10 in Shields
   154 | D        | Entered arena 9.
   154 | D        | Noticed a shining eye
   155 | D        | Found a transporter.
   160 | D        | Killed a large slime creature
   160 | D        | Reached skill level 12 in Fighting
   160 | D        | Gained mutation: Your magical capacity is low. (-10% MP) [a shining eye]
   161 | D        | Killed a shining eye
   161 | D        | Reached XP level 10. HP: 106/106 MP: 2/7
   169 | D        | Entered arena 10.
   169 | D        | Noticed a shining eye
   169 | D        | Noticed a shining eye
   169 | D        | Noticed a shining eye
   169 | D        | Noticed a fire crab
   169 | D        | Noticed a shining eye
   171 | D        | Found a transporter.
   175 | D        | Killed a fire crab
   176 | D        | Killed a shining eye
   176 | D        | Reached skill level 16 in Axes
   176 | D        | Reached skill level 11 in Shields
   176 | D        | Reached skill level 11 in Armour
   176 | D        | Noticed a smoke demon
   177 | D        | Killed a shining eye
   179 | D        | Killed a shining eye
   179 | D        | Reached skill level 13 in Fighting
   180 | D        | Killed a shining eye
   190 | D        | Got the ring "Kiwaug" {Wiz *Contam rN+ Dex+3}
   198 | D        | Entered arena 11.
   198 | D        | Noticed a black mamba
   198 | D        | Noticed a black mamba
   198 | D        | Noticed a naga mage
   198 | D        | Noticed a black mamba
   199 | D        | Found a transporter.
   202 | D        | Killed a black mamba
   203 | D        | Killed a black mamba
   205 | D        | Reached skill level 17 in Axes
   205 | D        | Killed a black mamba
   209 | D        | Killed a naga mage
   223 | D        | Entered arena 12.
   225 | D        | Found a transporter.
   229 | D        | Reached XP level 11. HP: 118/118 MP: 7/7
   238 | D        | Got the ring of Moiq {rCorr *Slow Dex+5 Slay+5}
   247 | D        | Entered arena 13.
   247 | D        | Noticed a short sword of speed
   247 | D        | Noticed a hand axe of electrocution
   247 | D        | Noticed a deep elf mage
   247 | D        | Noticed a deep elf mage
   247 | D        | Noticed a deep elf mage
   248 | D        | Found the +3 pair of gauntlets of War {Slay+5}
   248 | D        | Noticed a long sword of freezing
   248 | D        | Noticed a trident of venom
   248 | D        | Noticed a deep elf blademaster
   248 | D        | Noticed a deep elf mage
   248 | D        | Noticed a deep elf sorcerer
   248 | D        | Noticed a deep elf master archer
   249 | D        | Found a transporter.
   252 | D        | Killed a short sword of speed
   252 | D        | Reached skill level 12 in Armour
   252 | D        | Reached skill level 12 in Shields
   253 | D        | Killed a deep elf mage
   253 | D        | Reached skill level 14 in Fighting
   253 | D        | Killed a hand axe of electrocution
   255 | D        | Killed a long sword of freezing
   257 | D        | Killed a deep elf mage
   257 | D        | Reached skill level 18 in Axes
   259 | D        | Killed a deep elf master archer
   259 | D        | Reached skill level 15 in Fighting
   259 | D        | Reached skill level 13 in Shields
   261 | D        | Killed a deep elf sorcerer
   261 | D        | Reached skill level 13 in Armour
   261 | D        | Reached skill level 3 in Dodging
   262 | D        | Killed a deep elf blademaster
   262 | D        | Reached skill level 5 in Dodging
   263 | D        | Killed a deep elf mage
   263 | D        | Reached skill level 6 in Dodging
   266 | D        | Killed a trident of venom
   270 | D        | Killed a deep elf mage
   270 | D        | Reached skill level 7 in Dodging
   295 | D        | Got the ring of Feoshrejo {rC+ MR+}
   298 | D        | Entered arena 14.
   300 | D        | Noticed a balrug
   302 | D        | Found a transporter.
   304 | D        | Reached skill level 16 in Fighting
   304 | D        | Reached XP level 12. HP: 133/133 MP: 8/8
   308 | D        | Killed a balrug
   308 | D        | Reached skill level 14 in Armour
   308 | D        | Reached skill level 8 in Dodging
   308 | D        | Reached skill level 14 in Shields
   320 | D        | Learned a level 2 spell: Blink
   323 | D        | Entered arena 15.
   326 | D        | Found a transporter.
   329 | D        | Reached skill level 9 in Dodging
   333 | D        | Reached skill level 10 in Dodging
   347 | D        | Entered arena 16.
   354 | D        | Noticed a starcursed mass
   355 | D        | Reached skill level 17 in Fighting
   355 | D        | Reached skill level 11 in Dodging
   364 | D        | Paralysed by accursed screaming for 2 turns
   368 | D        | Found the ring of the Mage {Wiz MR++ Int+3}
   370 | D        | Found a transporter.
   372 | D        | Reached skill level 15 in Shields
   380 | D        | Got the amulet of Moodiness {+Inv Regen+ Int+2 Slay+3}
   382 | D        | Got the +2 cloak of the Original Sin {rC+}
   405 | D        | Entered arena 17.
   408 | D        | Noticed a yellow draconian knight
   408 | D        | Noticed a green draconian
   408 | D        | Noticed a white draconian
   408 | D        | Noticed a purple draconian
   408 | D        | Noticed a black draconian scorcher
   408 | D        | Noticed a red draconian knight
   408 | D        | Noticed a purple draconian
   409 | D        | Found the +3 giant club "Skullcrusher" {speed, Str+7}
   409 | D        | Noticed a purple draconian
   409 | D        | Noticed a red draconian
   409 | D        | Noticed a black draconian
   409 | D        | Noticed a yellow draconian
   409 | D        | Noticed a purple draconian
   409 | D        | Noticed a purple draconian
   409 | D        | Noticed a green draconian
   409 | D        | Noticed a red draconian
   410 | D        | Found a transporter.
   417 | D        | HP: 66/136 [red draconian] (3)]
   418 | D        | Killed a red draconian knight
   418 | D        | Reached skill level 15 in Armour
   418 | D        | Reached skill level 12 in Dodging
   420 | D        | Killed a purple draconian
   422 | D        | Killed a yellow draconian
   422 | D        | HP: 42/139 [white draconian/trident (4)]
   424 | D        | Killed a black draconian
   424 | D        | Reached skill level 13 in Dodging
   426 | D        | Killed a black draconian scorcher
   426 | D        | Reached skill level 18 in Fighting
   426 | D        | Killed a red draconian
   426 | D        | Reached XP level 13. HP: 139/147 MP: 9/9
   427 | D        | Killed a purple draconian
   428 | D        | Killed a yellow draconian knight
   428 | D        | Reached skill level 16 in Armour
   432 | D        | Killed a green draconian
   432 | D        | Reached skill level 14 in Dodging
   434 | D        | Killed a green draconian
   437 | D        | Killed a purple draconian
   437 | D        | Reached skill level 19 in Fighting
   439 | D        | Killed a red draconian
   440 | D        | Killed a purple draconian
   444 | D        | Killed a purple draconian
   444 | D        | Killed a white draconian
   454 | D        | Entered arena 18.
   460 | D        | Reached skill level 17 in Armour
   460 | D        | Reached skill level 15 in Dodging
   462 | D        | Reached skill level 20 in Fighting
   471 | D        | Found a transporter.
   484 | D        | Identified a +0 pair of boots of running (You found it in the Dungeon)
   486 | D        | Entered arena 19.
   489 | D        | Noticed a ghoul
   489 | D        | Noticed a ghoul
   489 | D        | Noticed a ghoul
   489 | D        | Noticed a shadow dragon
   490 | D        | Noticed a ghoul
   492 | D        | Found a transporter.
   502 | D        | Killed a ghoul
   503 | D        | Killed a ghoul
   503 | D        | Reached skill level 18 in Armour
   504 | D        | Killed a ghoul
   504 | D        | Reached skill level 21 in Fighting
   505 | D        | Killed a shadow dragon
   511 | D        | Killed a ghoul
   511 | D        | Gained mutation: You resist negative energy. (rN+) [Deep Dwarf growth]
   511 | D        | Reached XP level 14. HP: 165/165 MP: 10/10
   522 | D        | Entered arena 20.
   532 | D        | Noticed a reaper
   533 | D        | Noticed a reaper
   552 | D        | Found a transporter.
   556 | D        | Killed a reaper
   556 | D        | Reached skill level 19 in Armour
   557 | D        | Killed a reaper
   557 | D        | Reached skill level 22 in Fighting
   579 | D        | Entered arena 21.
   583 | D        | Noticed a ghoul
   584 | D        | Noticed a ghoul
   584 | D        | Noticed a reaper
   584 | D        | Noticed a shadow dragon
   584 | D        | Noticed a ghoul
   584 | D        | Noticed a shadow dragon
   585 | D        | Found the +3 robe of Folly {Archmagi, MR-- Int+5}
   585 | D        | Noticed a ghoul
   586 | D        | Found a transporter.
   593 | D        | Killed a ghoul
   596 | D        | Killed a ghoul
   599 | D        | Killed a ghoul
   605 | D        | Killed a shadow dragon
   609 | D        | Killed a shadow dragon
   609 | D        | Reached skill level 23 in Fighting
   609 | D        | Reached skill level 20 in Armour
   610 | D        | Killed a ghoul
   619 | D        | Killed a reaper
   635 | D        | Entered arena 22.
   639 | D        | Noticed an electric golem
   639 | D        | Noticed a storm dragon
   639 | D        | Noticed an electric golem
   640 | D        | Noticed a titan
   640 | D        | Noticed a storm dragon
   640 | D        | Noticed a titan
   640 | D        | Noticed an electric golem
   640 | D        | Noticed an electric golem
   640 | D        | Noticed a storm dragon
   640 | D        | Noticed a storm dragon
   641 | D        | Noticed an electric golem
   641 | D        | Noticed an electric golem
   641 | D        | Noticed an electric golem
   641 | D        | Noticed a titan
   642 | D        | Found a transporter.
   643 | D        | HP: 83/172 [spriggan air mage/the air (16)]
   648 | D        | HP: 68/258 [electric golem/bolt of lightning (13)]
   651 | D        | Killed an electric golem
   651 | D        | Reached skill level 24 in Fighting
   653 | D        | HP: 91/261 [electric golem/bolt of lightning (3)]
   654 | D        | Killed a storm dragon
   656 | D        | Killed a storm dragon
   658 | D        | HP: 117/262 [electric golem (4)]
   659 | D        | Killed an electric golem
   659 | D        | Reached skill level 25 in Fighting
   661 | D        | Killed a titan
   661 | D        | Killed an electric golem
   661 | D        | Reached XP level 15. HP: 186/186 MP: 11/11
   665 | D        | Killed a storm dragon
   667 | D        | Killed an electric golem
   667 | D        | Reached skill level 26 in Fighting
   671 | D        | Killed a titan
   672 | D        | Killed a titan
   674 | D        | HP: 87/189 [electric golem/bolt of lightning (9)]
   677 | D        | Killed a storm dragon
   679 | D        | HP: 90/189 [electric golem (7)]
   684 | D        | Killed an electric golem
   684 | D        | Reached skill level 27 in Fighting
   684 | D        | HP: 85/190 [electric golem (2)]
   689 | D        | Killed an electric golem
   691 | D        | HP: 64/190 [electric golem/bolt of lightning (4)]
   696 | D        | HP: 59/190 [electric golem/bolt of lightning (5)]
   701 | D        | Killed an electric golem
   701 | D        | Reached skill level 16 in Dodging
   711 | D        | Got the ring "Wuigay" {rF+ MR++ MP+9 Int-2 Slay+5}
   724 | D        | Entered arena 23.
   730 | D        | Noticed a deep elf sorcerer
   730 | D        | Noticed a deep elf master archer
   730 | D        | Noticed a deep elf blademaster
   730 | D        | Noticed a deep elf sorcerer
   730 | D        | Noticed a deep elf sorcerer
   732 | D        | Noticed a deep elf blademaster
   734 | D        | Noticed a deep elf sorcerer
   741 | D        | Killed a deep elf blademaster
   741 | D        | Reached skill level 21 in Armour
   742 | D        | Killed a deep elf sorcerer
   742 | D        | Reached skill level 17 in Dodging
   747 | D        | Killed a deep elf master archer
   750 | D        | Killed a deep elf sorcerer
   750 | D        | Reached skill level 22 in Armour
   751 | D        | Killed a deep elf blademaster
   751 | D        | Reached skill level 18 in Dodging
   753 | D        | Killed a deep elf sorcerer
   756 | D        | Reached skill level 19 in Dodging
   762 | D        | Reached skill level 23 in Armour
   763 | D        | Killed a deep elf sorcerer
   769 | D        | Found a transporter.
   773 | D        | Reached skill level 20 in Dodging
   778 | D        | Gained mutation: You occasionally shout uncontrollably at your foes. [mutagenic glow]
   793 | D        | Reached XP level 16. HP: 200/200 MP: 11/11
   814 | D        | Entered arena 24.
   822 | D        | Noticed Orochil the pandemonium lord
   823 | D        | Noticed a tentacled starspawn
   826 | D        | Reached skill level 24 in Armour
   827 | D        | Noticed a lich
   827 | D        | Noticed a tentacled starspawn
   827 | D        | Noticed a hellephant
   831 | D        | Reached skill level 21 in Dodging
   834 | D        | Killed Orochil the pandemonium lord
   839 | D        | Reached skill level 25 in Armour
   840 | D        | Reached skill level 22 in Dodging
   841 | D        | Killed a lich
   843 | D        | Paralysed by accursed screaming for 2 turns
   851 | D        | Killed a tentacled starspawn
   853 | D        | Paralysed by accursed screaming for 1 turns
   857 | D        | Killed a tentacled starspawn
   857 | D        | Reached skill level 26 in Armour
   857 | D        | Reached skill level 23 in Dodging
   873 | D        | Killed a hellephant
   875 | D        | Found a transporter.
   915 | D        | Learned a level 8 spell: Borgnjor's Revivification
   918 | D        | Got the ring "Wedeboi" {+Fly rPois Dex+4}
   928 | D        | Entered arena 25.
   935 | D        | Noticed an iron giant
   935 | D        | Noticed a bone dragon
   936 | D        | Noticed an iron giant
   937 | D        | Found the +8 mithril axe "Arga" {speed, MR+}
   940 | D        | Reached skill level 1 in Spellcasting
   940 | D        | Reached skill level 1 in Necromancy
   942 | D        | Reached skill level 2 in Necromancy
   945 | D        | Reached skill level 2 in Spellcasting
   946 | D        | Reached skill level 3 in Spellcasting
   946 | D        | Reached skill level 4 in Necromancy
   948 | D        | Reached skill level 5 in Necromancy
   949 | D        | HP: 88/200 [reaper/scythe of freezing (13)]
   953 | D        | Reached skill level 4 in Spellcasting
   954 | D        | HP: 48/200 [reaper/vampiric scythe (8)]
   955 | D        | Found a transporter.
   958 | D        | Reached skill level 6 in Necromancy
   959 | D        | Reached skill level 5 in Spellcasting
   960 | D        | Reached skill level 7 in Necromancy
   961 | D        | HP: 48/200 [reaper/scythe of venom (24)]
   962 | D        | Killed an iron giant
   962 | D        | Reached skill level 8 in Necromancy
   962 | D        | Reached skill level 9 in Necromancy
   963 | D        | Killed a bone dragon
   963 | D        | Reached skill level 11 in Necromancy
   965 | D        | Reached skill level 12 in Necromancy
   966 | D        | Killed an iron giant
   966 | D        | Reached skill level 13 in Necromancy
   969 | D        | Reached skill level 14 in Necromancy
   976 | D        | Reached skill level 15 in Necromancy
   985 | D        | Reached skill level 16 in Necromancy
  1027 | D        | Entered arena 26.
  1036 | D        | Noticed Dowan
  1036 | D        | Noticed Ignacio
  1036 | D        | Noticed Agnes
  1036 | D        | Noticed Donald
  1036 | D        | Noticed Joseph
  1036 | D        | Noticed Ereshkigal
  1036 | D        | Noticed Geryon
  1036 | D        | Noticed Erica
  1036 | D        | Noticed Boris
  1037 | D        | Noticed Sonja
  1037 | D        | Noticed Sigmund
  1037 | D        | Noticed Prince Ribbit
  1037 | D        | Noticed Snorg
  1037 | D        | Noticed Nikola
  1037 | D        | Noticed the 27-headed Lernaean hydra
  1037 | D        | Noticed Louise
  1037 | D        | Noticed Nellie
  1037 | D        | Noticed Cerebov
  1037 | D        | Noticed Margery
  1037 | D        | Noticed Urug
  1037 | D        | Noticed Polyphemus
  1037 | D        | Noticed Crazy Yiuf
  1037 | D        | Noticed Josephine
  1037 | D        | Noticed Aizul
  1037 | D        | Noticed Chuck
  1037 | D        | Noticed Khufu
  1037 | D        | Noticed Psyche
  1037 | D        | Noticed Rupert
  1038 | D        | Noticed Lom Lobon
  1039 | D        | Noticed Gastronok
  1039 | D        | Noticed Jessica
  1039 | D        | Noticed Maurice
  1039 | D        | Noticed Nergalle
  1045 | D        | Killed Agnes
  1047 | D        | Killed Sonja
  1047 | D        | Reached skill level 17 in Necromancy
  1051 | D        | Killed Donald
  1052 | D        | Killed Ignacio
  1052 | D        | Reached skill level 21 in Necromancy
  1052 | D        | Reached XP level 17. HP: 208/208 MP: 18/19
  1053 | D        | Killed Aizul
  1053 | D        | Killed Snorg
  1054 | D        | Killed Polyphemus
  1054 | D        | HP: 102/208 [Ereshkigal/bolt of cold (3)]
  1056 | D        | Killed the 27-headed Lernaean hydra
  1056 | D        | Reached skill level 22 in Necromancy
  1059 | D        | Noticed Ijyb
  1059 | D        | Killed Erica
  1059 | D        | Killed Josephine
  1059 | D        | Killed Boris
  1059 | D        | Reached skill level 23 in Necromancy
  1061 | D        | Killed Crazy Yiuf
  1062 | D        | Killed Margery
  1062 | D        | Killed Jessica
  1062 | D        | Reached skill level 24 in Necromancy
  1062 | D        | Killed Ereshkigal
  1062 | D        | Reached skill level 25 in Necromancy
  1064 | D        | Killed Sigmund
  1066 | D        | Killed Ijyb
  1067 | D        | Killed Prince Ribbit
  1068 | D        | Killed Maurice
  1068 | D        | Killed Joseph
  1068 | D        | Killed Psyche
  1068 | D        | HP: 73/208 [??? (38)]
  1070 | D        | Killed Rupert
  1070 | D        | Killed Dowan
  1070 | D        | Killed Chuck
  1070 | D        | Killed Nikola
  1070 | D        | Killed Nergalle
  1070 | D        | Killed Louise
  1071 | D        | Noticed Roxanne
  1071 | D        | Killed Khufu
  1071 | D        | Reached skill level 26 in Necromancy
  1072 | D        | Killed Urug
  1072 | D        | Killed Gastronok
  1072 | D        | Found a transporter.
  1072 | D        | HP: 36/205 [Cerebov/iron shot (66)]
  1086 | D        | Killed Nellie
  1086 | D        | Reached skill level 27 in Necromancy
  1086 | D        | Reached skill level 6 in Spellcasting
  1089 | D        | Killed Cerebov
  1089 | D        | Reached skill level 13 in Spellcasting
  1103 | D        | Killed Geryon
  1103 | D        | Reached skill level 14 in Spellcasting
  1114 | D        | HP: 66/192 [Lom Lobon/great icy blast (44)]
  1119 | D        | HP: 33/192 [Lom Lobon/great icy blast (33)]
  1120 | D        | HP: 14/192 [Lom Lobon/great icy blast (19)]
  1122 | D        | Killed Lom Lobon
  1122 | D        | Reached skill level 16 in Spellcasting
  1122 | D        | Gained mutation: You passively map a large area around you. [Deep Dwarf growth]
  1122 | D        | Reached XP level 18. HP: 52/201 MP: 6/31
  1141 | D        | Killed Roxanne
  1141 | D        | Reached skill level 17 in Spellcasting
  1142 | D        | Identified Roxanne's Grimoire of the Rocks (You took it off Roxanne in the Dungeon)
  1153 | D        | Got the amulet "Yrua" {RegenMP rC- rN+ Str+2 Slay+5}
  1254 | D        | Entered arena 27.
  1274 | D        | Reached skill level 18 in Spellcasting
  1278 | D        | Reached skill level 19 in Spellcasting
  1285 | D        | Reached skill level 20 in Spellcasting
  1291 | D        | Reached skill level 21 in Spellcasting
  1302 | D        | Reached skill level 22 in Spellcasting
  1312 | D        | Reached skill level 23 in Spellcasting
  1321 | D        | Reached skill level 24 in Spellcasting
  1333 | D        | Found a transporter.
  1349 | D        | Learned a level 8 spell: Necromutation
  1360 | D        | Entered arena 28.
  1373 | D        | Reached skill level 1 in Transmutations
  1377 | D        | Reached skill level 4 in Transmutations
  1377 | D        | Reached skill level 5 in Transmutations
  1377 | D        | Reached skill level 6 in Transmutations
  1378 | D        | Reached skill level 7 in Transmutations
  1378 | D        | Reached skill level 8 in Transmutations
  1380 | D        | Reached skill level 9 in Transmutations
  1382 | D        | Reached skill level 10 in Transmutations
  1388 | D        | Reached skill level 11 in Transmutations
  1388 | D        | Reached skill level 12 in Transmutations
  1391 | D        | Reached skill level 13 in Transmutations
  1395 | D        | Reached skill level 14 in Transmutations
  1395 | D        | Reached XP level 19. HP: 210/210 MP: 38/38
  1402 | D        | Reached skill level 15 in Transmutations
  1413 | D        | Reached skill level 16 in Transmutations
  1415 | D        | Found a transporter.
  1447 | D        | Got the Orb of Zot
  1452 | D        | Escaped with the Orb!

Vanquished Creatures
  Cerebov (D)
  Ignacio (D)
  Ereshkigal (D)
  Lom Lobon (D)
  Khufu (D)
  Margery (D)
  the Lernaean hydra (D)
  A pandemonium lord (D)
  Geryon (D)
  A bone dragon (D)
  2 iron giants (D)
  Nellie (D)
  7 electric golems (D)
  A hellephant (D)
  Rupert (D)
  A lich (D)
  2 deep elf blademasters (D)
  3 titans (D)
  Polyphemus (D)
  A deep elf master archer (D)
  2 tentacled starspawn (D)
  Agnes (D)
  Chuck (D)
  4 storm dragons (D)
  2 thorn hunters (D)
  Donald (D)
  A revenant (D)
  Roxanne (D)
  2 shadow dragons (D)
  3 deep elf sorcerers (D)
  A draconian knight (D)
  2 balrugs (D)
  A draconian scorcher (D)
  5 orc warlords (D)
  Aizul (D)
  11 spriggan defenders (D)
  11 reapers (D)
  7 ghouls (D)
  An apis (D)
  2 green draconians (D)
  3 stone giants (D)
  3 dire elephants (D)
  A black draconian (D)
  3 deep elf annihilators (D)
  4 purple draconians (D)
  2 red draconians (D)
  A white draconian (D)
  Josephine (D)
  2 ettins (D)
  4 deep elf high priests (D)
  2 naga warriors (D)
  12 spriggan air magi (D)
  A rakshasa (D)
  Erica (D)
  8 dancing weapons (D)
  12 spriggan berserkers (D)
  2 anacondas (D)
  3 satyrs (D)
  An orc high priest (D)
  6 large abominations (D)
  Sonja (D)
  6 soul eaters (D)
  2 wretched stars (D)
  4 skeletal warriors (D)
  A deep elf knight (D)
  2 sixfirhies (D)
  An unseen horror (D)
  A spriggan druid (D)
  2 shambling mangroves (D)
  A sea snake (shapeshifter) (D)
  A phantasmal warrior (D)
  14 orc knights (D)
  2 deep elf archers (D)
  10 deep elf magi (D)
  An oklob plant (D)
  A faun (D)
  3 wolf spiders (D)
  4 orc sorcerers (D)
  2 cyclopes (D)
  3 shining eyes (D)
  2 moths of wrath (D)
  2 guardian serpents (D)
  4 black mambas (D)
  2 naga magi (D)
  An apocalypse crab (D)
  7 rust devils (D)
  A smoke demon (D)
  2 dryads (D)
  3 ice devils (D)
  An efreet (D)
  A komodo dragon (shapeshifter) (D)
  3 demonic crawlers (D)
  5 tormentors (D)
  3 ancient zymes (D)
  2 freezing wraiths (D)
  A red devil (D)
  A queen bee (shapeshifter) (D)
  A meliai (shapeshifter) (D)
  2 jumping spiders (D)
  5 wind drakes (D)
  8 hornets (D)
  3 merfolk (D)
  2 slime creatures (D)
  2 raiju (D)
  Prince Ribbit (D)
  A redback (D)
  A flying skull (D)
  4 air elementals (D)
  2 tarantellas (D)
  3 wraiths (D)
  A ynoxinul (D)
  A basilisk (shapeshifter) (D)
  3 golden eyes (D)
  2 chaos spawn (D)
  2 spriggans (D)
  2 fire elementals (D)
  A neqoxec (D)
  A hungry ghost (D)
  An insubstantial wisp (D)
  3 nagas (D)
  A warg (D)
  3 hell hounds (D)
  6 water moccasins (D)
  A floating eye (D)
  An eye of draining (D)
  2 ice beasts (D)
  7 orc warriors (D)
  9 ogres (D)
  A wolf (D)
  8 small abominations (D)
  An earth elemental (D)
  2 scorpions (D)
  Dowan (D)
  A wight (D)
  A crimson imp (D)
  20 starcursed masses (D)
  3 quasits (D)
  5 orc priests (D)
  Crazy Yiuf (D)
  7 iron imps (D)
  Jessica (D)
  Ijyb (D)
  A mummy (D)
  A gnoll (D)
  2 shadow imps (D)
  A white imp (D)
  An ufetubus (D)
  2 oozes (D)
  10 adder zombies (D)
  5 adder skeletons (D)
  3 spectral bats (D)
  A ball python (D)
  4 bat skeletons (D)
  4 bat zombies (D)
  A ball python skeleton (D)
  3 ball python zombies (D)
  3 giant cockroach zombies (D)
  2 jackal zombies (D)
  2 leopard gecko skeletons (D)
  4 leopard gecko zombies (D)
  A quokka skeleton (D)
  3 quokka zombies (D)
  A spectral giant cockroach (D)
  4 crawling corpses (D)
  5 starspawn tentacles (D)
464 creatures vanquished.

Vanquished Creatures (collateral kills)
  A deep elf blademaster (D)
  A shadow dragon (D)
  2 deep elf sorcerers (D)
  A ghoul (D)
  A stone giant (D)
  An apis (D)
  A yellow draconian (D)
  A purple draconian (D)
  Snorg (D)
  An anaconda (D)
  A thrashing horror (D)
  A soul eater (D)
  A death drake (D)
  A fire crab (shapeshifter) (D)
  A skeletal warrior (D)
  A deep elf mage (D)
  An orc sorcerer (D)
  2 shining eyes (D)
  2 black mambas (D)
  2 naga magi (D)
  A wind drake (D)
  3 merfolk (D)
  A large abomination (D)
  3 slime creatures (D)
  An air elemental (D)
  A hornet (D)
  A tarantella (D)
  A flying skull (D)
  A wraith (D)
  3 golden eyes (D)
  A water moccasin (D)
  2 orc warriors (D)
  An eye of draining (D)
  4 starcursed masses (D)
  A scorpion (D)
  A wight (D)
  A jelly (D)
  An iron imp (D)
  2 white imps (D)
  A spectral adder (D)
  An adder zombie (D)
  2 adder skeletons (D)
  2 bat zombies (D)
  2 giant cockroach zombies (D)
  A jackal zombie (D)
  A leopard gecko skeleton (D)
  A leopard gecko zombie (D)
  A quokka zombie (D)
66 creatures vanquished.

Vanquished Creatures (others)
  Boris (D)
  Nikola (D)
  Gastronok (D)
  A deep elf master archer (D)
  A draconian knight (D)
  Louise (D)
  A spriggan air mage (D)
  Urug (D)
  Nergalle (D)
  Maurice (D)
  A rust devil (D)
  Joseph (D)
  Psyche (D)
  A hornet (D)
  Sigmund (D)
  4 insubstantial wisps (D)
  A warg (D)
  A starcursed mass (D)
  11 ball lightnings (D)
  A block of ice (D)
  12 briar patches (D)
  2 crawling corpses (D)
  5 starspawn tentacles (D)
52 creatures vanquished.

Grand Total: 582 creatures vanquished

Table legend:
 A = Turns spent in this place as a percentage of turns spent in the entire game.
 B = Non-inter-level travel turns spent in this place as a percentage of non-inter-level travel turns spent in the entire game.
 C = Inter-level travel turns spent in this place as a percentage of turns spent in this place.
 D = Turns resting spent in this place as a percentage of non-inter-level travel turns spent in this place.
 E = Turns spent auto-exploring this place as a percentage of non-inter-level travel turns spent in this place.
 F = Non-inter-level travel turns spent in this place divided by the number of levels of this place that you've seen.
                   A       B       C       D       E      F
               +-------+-------+-------+-------+-------+----------------------
         Total | 100.0 | 100.0 |   0.0 |   6.1 |   0.0 | 1452.0
       Dungeon | 100.0 | 100.0 |   0.0 |   6.1 |   0.0 | 1452.0
               +-------+-------+-------+-------+-------+----------------------
